 Dungeon Crawl Stone Soup version 0.23-a0-436-g57debff (webtiles) character file.

5492 plo the Conjurer (level 10, -11/73 HPs)
             Began as a Demonspawn Fire Elementalist on Nov 16, 2018.
             Was an Elder of Makhleb.
             Mangled by a death yak (21 damage)
             ... on level 8 of the Dungeon.
             The game lasted 00:33:17 (11161 turns).

plo the Conjurer (Demonspawn Fire Elementalist)    Turns: 11161, Time: 00:33:18

Health: -11/73     AC: 13    Str: 10    XL:     10   Next: 42%
Magic:  3/16       EV: 15    Int: 18    God:    Makhleb [****..]
Gold:   451        SH:  5    Dex: 14    Spells: 4/17 levels left

rFire    + + .     SeeInvis .   x - +11 club
rCold    x . .     Gourm    .   n - +0 buckler
rNeg     . . .     Faith    .   j - +2 leather armour {rF+}
rPois    .         Spirit   .   (helmet restricted)
rElec    .         Reflect  .   R - +0 cloak
rCorr    .         Harm     .   e - +2 pair of gloves
MR       .....                  P - +0 pair of boots
Stlth    ++++......             (no amulet)
HPRegen  0.22/turn              A - +3 ring of evasion
MPRegen  0.15/turn              k - ring of fire

@: no status effects
A: horns 1, rugged brown scales 2, nightstalker 2, powered by death 1
a: Minor Destruction, Lesser Servant of Makhleb, Major Destruction, Renounce
Religion


You were on level 8 of the Dungeon.
You worshipped Makhleb.
Makhleb was greatly pleased with you.
You were very hungry.

You visited 1 branch of the dungeon, and saw 8 of its levels.
You also visited: Ossuary.

You collected 451 gold pieces.

Inventory:

Hand Weapons
 v - a +1 hunting sling
 x - a +11 club (weapon)
 J - a +0 trident
Missiles
 d - 227 stones
 h - 4 javelins (quivered)
 p - 5 curare-tipped needles
 D - 6 tomahawks
 I - a throwing net
 Q - 28 sling bullets
Armour
 a - a +0 robe
 e - a +2 pair of gloves (worn)
 f - a +0 helmet
 j - a +2 leather armour of fire resistance (worn)
 n - a +0 buckler (worn)
 F - a +1 scale mail of cold resistance
 P - a +0 pair of boots (worn)
 R - a +0 cloak (worn)
Jewellery
 k - a ring of fire (right hand)
 q - an uncursed ring of wizardry
 y - an uncursed ring of magical power
 A - a +3 ring of evasion (left hand)
Wands
 g - a wand of paralysis (10)
 B - a wand of flame (50)
 E - a wand of iceblast (12)
 H - a wand of random effects (23)
 O - a wand of acid (13)
Scrolls
 b - a scroll of blinking
 s - 9 scrolls of remove curse
 G - a scroll of teleportation
 S - a scroll of magic mapping {unknown}
Potions
 i - a potion of ambrosia
 m - 2 potions of lignification
 o - 3 potions of brilliance
 r - 6 potions of curing
 t - a potion of berserk rage {unknown}
 w - a potion of cancellation {unknown}
 z - 3 potions of might {unknown}
 C - 6 potions of agility
 K - a potion of magic {unknown}
 L - a potion of mutation {unknown}
 M - 3 potions of haste
 N - 3 potions of flight
Comestibles
 c - 14 rations


   Skills:
 - Level 3.1 Fighting
 - Level 4.3 Maces & Flails
 - Level 2.7 Slings
 - Level 4.3 Armour
 - Level 1.7 Dodging
 - Level 1.7 Stealth
 - Level 4.0 Shields
 - Level 0.1 Unarmed Combat
 + Level 4.4 Spellcasting
 * Level 7.6 Conjurations
 * Level 7.3 Fire Magic
 * Level 5.3 Invocations


You had 4 spell levels left.
You knew the following spells:

 Your Spells              Type           Power        Failure   Level  Hunger
a - Flame Tongue          Conj/Fire      #####        1%          1    None
b - Conjure Flame         Conj/Fire      #####...     2%          3    ###....
c - Sticky Flame          Conj/Fire      #####...     9%          4    ####...
d - Fireball              Conj/Fire      #####.....   24%         5    ######.

Your spell library contained the following spells:

 Spells                   Type           Power        Failure   Level  Hunger
 Magic Dart               Conj           ####         1%          1    None
 Throw Flame              Conj/Fire      #####.       1%          2    #......
 Inner Flame              Hex/Fire       ####....     12%         3    ###....
 Mephitic Cloud           Conj/Pois/Air  ##......     21%         3    ###....
 Blink                    Tloc           N/A          28%         2    #......
 Call Imp                 Summ           #.......     28%         2    #......
 Slow                     Hex            #.......     28%         2    #......


Dungeon Overview and Level Annotations

Branches:
Dungeon (8/15)             Temple (0/1) D:4
   Lair: D:8-11

Altars:
Dithmenos
Elyvilon
Kikubaaqudgha
Makhleb
Qazlal
Uskayaw
Wu Jian
Xom
Yredelemnul
Zin

Shops:
D:7 *

Annotations:
D:2 exclusion: downstairs
D:3 1 runed door, feelmyfire's ghost, amateur NaNe


Innate Abilities, Weirdness & Mutations

You have a pair of small horns on your head.
You are mostly covered in rugged brown scales. (AC +2, +5% HP)
You are significantly more attuned to the shadows.
You regenerate a little health from kills.


Message History

You headbutt the death yak, but do no damage.
The death yak is almost dead.
A wight comes into view. It is wielding a +0 morningstar.
The death yak is engulfed in blazing flames.
The death yak misses you.
The wight moves out of view.
You hit the death yak but do no damage.
You headbutt the death yak, but do no damage.
The death yak is almost dead.
The death yak closely misses you.
You barely miss the death yak.
The death yak is almost dead.
The death yak gores you!!
You hit the death yak but do no damage.
The death yak is almost dead.
The death yak gores you!!
* * * LOW HITPOINT WARNING * * *
You feel much better. The death yak gores you!
* * * LOW HITPOINT WARNING * * *
The death yak gores you!!
You die...

#########
........#
#######.##########
.# ###..........#
.##..........###.#
.......####...##@#
########## .##.##.
#....#Y#
#......... .# ##.
#....#r#
#.######## .# .##
#....#r# #.#
.##... #S#r# #.#
.....# #(r#
#.######## ....##
##.# ####.##......
)##..# #.r
.........†)## .#
#.. .F..
........##)#


You could see a death yak, a hell rat and 3 quokkas.

Vanquished Creatures
  A two-headed ogre (D:8)
  2 death yaks (D:8)
  A hippogriff (D:8)
  Grinder (D:3)
  Sigmund (D:3)
  Eustachio (D:5)
  A hungry ghost (D:8)
  Menkaure (Ossuary)
  A water moccasin (D:5)
  3 sky beasts
  An ice beast (D:6)
  4 ogres
  A necrophage (D:8)
  A centaur (D:7)
  2 big kobolds (D:8)
  5 bullfrogs
  4 scorpions
  4 howler monkeys
  3 wights (D:8)
  2 crimson imps (D:8)
  A centaur zombie (D:6)
  A jelly (D:6)
  Crazy Yiuf (D:6)
  A bullfrog zombie (D:6)
  A hound (D:4)
  2 orc priests (D:7)
  2 orc wizards (D:4)
  A bullfrog skeleton (D:5)
  Jessica (D:3)
  Terence (D:3)
  4 iguanas
  3 worker ants (D:4)
  A hound zombie (D:7)
  A hound skeleton (D:6)
  A howler monkey zombie (D:8)
  3 gnolls (D:6)
  6 adders
  A river rat (D:8)
  An ooze (D:6)
  2 adder zombies
  An adder skeleton (D:4)
  4 worms
  4 dart slugs
  5 leopard geckos
  11 orcs
  A ball python (D:6)
  6 bats
  6 giant cockroaches
  2 gnoll zombies (Ossuary)
  6 goblins
  5 hobgoblins
  8 jackals
  3 quokkas
  2 frilled lizards (D:4)
  2 giant cockroach zombies
  3 gnoll skeletons (Ossuary)
  2 goblin skeletons (Ossuary)
  4 goblin zombies (Ossuary)
  A hobgoblin skeleton (Ossuary)
  3 hobgoblin zombies (Ossuary)
  17 kobolds
  4 kobold skeletons (Ossuary)
  An orc skeleton (Ossuary)
  2 orc zombies (Ossuary)
  A quokka skeleton (D:8)
  A quokka zombie (D:5)
  7 rats
  A rat skeleton (Ossuary)
  2 rat zombies (Ossuary)
190 creatures vanquished.

Vanquished Creatures (others)
  3 mummies (Ossuary)
  A gnoll skeleton (Ossuary)
  4 goblin skeletons (Ossuary)
  3 goblin zombies (Ossuary)
  2 hobgoblin skeletons (Ossuary)
  3 hobgoblin zombies (Ossuary)
  A kobold skeleton (Ossuary)
  4 orc skeletons (Ossuary)
  2 orc zombies (Ossuary)
  A rat skeleton (Ossuary)
  4 rat zombies (Ossuary)
  2 withered plants (D:3)
30 creatures vanquished.

Grand Total: 220 creatures vanquished

Notes
Turn   | Place    | Note
-------+----------+-------------------------------------------
     0 | D:1      | plo the Demonspawn Fire Elementalist began the quest for
                  | the Orb.
     0 | D:1      | Reached XP level 1. HP: 13/13 MP: 3/3
   492 | D:1      | Gained mutation: You are slightly more attuned to the
                  | shadows. [demonic ancestry]
   492 | D:1      | Reached XP level 2. HP: 19/19 MP: 1/5
  1688 | D:1      | Gained mutation: You have a pair of small horns on your
                  | head. [demonic ancestry]
  1688 | D:1      | Reached XP level 3. HP: 24/24 MP: 6/6
  1693 | D:1      | Learned a level 3 spell: Conjure Flame
  2625 | D:2      | Found a shimmering altar of Xom.
  2626 | D:2      | Found a burning altar of Makhleb.
  2630 | D:2      | Became a worshipper of Makhleb the Destroyer
  3146 | D:3      | Noticed Grinder
  3300 | D:3      | Noticed Jessica
  3310 | D:3      | Killed Jessica
  3310 | D:3      | Reached XP level 4. HP: 30/30 MP: 4/7
  3383 | D:3      | Found a runed door.
  3384 | D:3      | Noticed feelmyfire's ghost (amateur NaNe)
  3393 | D:3      | Noticed a sky beast
  3402 | D:3      | Learned a level 4 spell: Sticky Flame
  3726 | D:3      | Noticed Sigmund
  3742 | D:3      | Killed Sigmund
  3742 | D:3      | Reached XP level 5. HP: 21/36 MP: 3/8
  3908 | D:3      | Noticed Terence
  3911 | D:3      | Killed Terence
  3911 | D:3      | Gained mutation: You are partially covered in rugged brown
                  | scales. (AC +1, +3% HP) [demonic ancestry]
  3911 | D:3      | Reached XP level 6. HP: 36/43 MP: 3/10
  4432 | D:3      | Paralysed by Grinder for 7 turns
  4639 | D:3      | Reached skill level 1 in Fighting
  4673 | D:3      | Paralysed by Grinder for 6 turns
  4701 | D:3      | Killed Grinder
  4701 | D:3      | Reached skill level 1 in Maces & Flails
  4701 | D:3      | Reached skill level 1 in Armour
  5082 | D:3      | Reached * piety under Makhleb
  5173 | D:3      | Killed a sky beast
  5173 | D:3      | Gained mutation: You are significantly more attuned to the
                  | shadows. [demonic ancestry]
  5173 | D:3      | Reached XP level 7. HP: 39/50 MP: 11/11
  5978 | D:4      | Found a stormy altar of Qazlal.
  5990 | D:4      | Gained mutation: You are mostly covered in rugged brown
                  | scales. (AC +2, +5% HP) [demonic ancestry]
  5990 | D:4      | Reached XP level 8. HP: 20/59 MP: 12/12
  6385 | D:4      | Found a staircase to the Ecumenical Temple.
  6544 | D:5      | Entered Level 5 of the Dungeon
  6544 | D:5      | Noticed Eustachio
  6554 | D:5      | Killed Eustachio
  6735 | D:5      | Found a hide-covered altar of Uskayaw.
  6735 | D:5      | Found an ancient bone altar of Kikubaaqudgha.
  6736 | D:5      | Found a stormy altar of Qazlal.
  6737 | D:5      | Found a white marble altar of Elyvilon.
  6737 | D:5      | Found a shadowy altar of Dithmenos.
  6737 | D:5      | Found an ornate altar of the Wu Jian Council.
  6738 | D:5      | Found a glowing silver altar of Zin.
  6752 | D:5      | Reached ** piety under Makhleb
  6789 | D:5      | Found a basalt altar of Yredelemnul.
  7551 | D:6      | Reached skill level 1 in Shields
  7877 | D:6      | Reached skill level 5 in Fire Magic
  7882 | D:6      | Found a sand-covered staircase.
  7887 | Ossuary  | Entered an ossuary
  7914 | Ossuary  | Learned a level 5 spell: Fireball
  8149 | Ossuary  | Noticed Menkaure
  8156 | Ossuary  | Killed Menkaure
  8348 | D:6      | Reached *** piety under Makhleb
  8495 | D:6      | Reached XP level 9. HP: 66/66 MP: 13/13
  8522 | D:6      | Reached skill level 5 in Conjurations
  9050 | D:6      | You fall through a shaft!
  9207 | D:6      | Found a runed door.
  9211 | D:6      | Noticed Crazy Yiuf
  9215 | D:6      | Killed Crazy Yiuf
 10009 | D:7      | Found Gonus's General Store.
 10167 | D:8      | Noticed a death yak
 10439 | D:8      | Reached skill level 1 in Invocations
 10602 | D:8      | Noticed a two-headed ogre
 10620 | D:8      | Killed a two-headed ogre
 10810 | D:8      | Gained mutation: You regenerate a little health from kills.
                  | [demonic ancestry]
 10810 | D:8      | Reached XP level 10. HP: 73/73 MP: 0/15
 11004 | D:8      | Reached **** piety under Makhleb
 11130 | D:8      | Noticed a death yak
 11139 | D:8      | Noticed a death yak
 11140 | D:8      | Killed a death yak
 11145 | D:8      | Killed a death yak
 11145 | D:8      | Reached skill level 5 in Invocations
 11157 | D:8      | HP: 1/73 [death yak (24)]
 11161 | D:8      | Mangled by a death yak

Vault maps used:
D:1:      dpeg_arrival_pond
D:2:      gammafunk_temple_overflow_statue
D:3:      gammafunk_ghost_grave, uniq_terence, uniq_grinder, uniq_sigmund,
          uniq_jessica
D:4:      temple_pool_b, first_ration, st_stairs_7, minmay_ruined_shrine
D:5:      grunt_temple_overflow_open, uniq_eustachio
D:6:      enter_ossuary_2, uniq_crazy_yiuf_cottage
D:7:      serial_shops, nicolae_shop_trees
D:8:      dpeg_lair_monsters, blue_anna_alchemist
Ossuary:  ossuary_due_pyramid

Skill      XL: |  1  2  3  4  5  6  7  8  9 10 |
---------------+-------------------------------+-----
Fire Magic     | 3 4 5 6 7 |  7.3
Conjurations   | 2 3 4 6 7 |  7.6
Slings         | 2 |  2.7
Fighting       | 1 2 3 |  3.1
Maces & Flails | 1 3 4 |  4.3
Armour         | 2 3 4 |  4.3
Spellcasting   | 3 4 |  4.4
Shields        | 2 4 |  4.0
Invocations    | 4 5 |  5.3
Dodging        | |  1.7
Stealth        | |  1.7
Unarmed Combat | |  0.1

Action                   |  1- 3 |  4- 6 |  7- 9 | 10-12 || total
-------------------------+-------+-------+-------+-------++-------
Melee: Unarmed           |     3 |     6 |       |       ||     9
       Dagger            |    38 |       |       |       ||    38
       Spear             |     3 |       |       |       ||     3
       Headbutt          |     2 |     6 |    54 |     8 ||    70
       Club              |       |    50 |   348 |    33 ||   431
 Fire: Hunting sling     |    14 |    10 |       |       ||    24
Throw: Stone             |    22 |       |       |       ||    22
       Throwing net      |       |       |     1 |       ||     1
       Javelin           |       |       |     1 |     2 ||     3
 Cast: Flame Tongue      |    54 |     6 |     9 |    13 ||    82
       Sticky Flame      |       |     2 |     8 |     4 ||    14
       Fireball          |       |       |     2 |       ||     2
       Conjure Flame     |       |       |       |     1 ||     1
  Use: Scroll            |       |       |    13 |     2 ||    15
       Potion            |       |       |       |     1 ||     1
 Stab: Sleeping          |     2 |       |    23 |       ||    25
       Confused          |       |     1 |       |       ||     1
  Eat: Chunk             |     8 |     6 |    16 |     2 ||    32
       Ration            |       |       |     1 |       ||     1
Armor: Robe              |     9 |       |       |       ||     9
       Scale mail        |       |    18 |    64 |       ||    82
       Leather armour    |       |       |    54 |    10 ||    64
Dodge: Dodged            |    36 |    14 |   175 |    25 ||   250
Block: Buckler           |       |       |    31 |    10 ||    41

Table legend:
 A = Non-vault XP
 B = Vault XP
 C = Vault XP percentage of total XP
 D = Non-vault monster count
 E = Vault monster count
 F = Vault count percentage of total count
                 A         B        C        D         E       F
            +---------+---------+-------+---------+---------+-------
      Total |    4983 |    2863 |  36.5 |     148 |      37 |  20.0
            +---------+---------+-------+---------+---------+-------
        D:1 |      47 |       0 |   0.0 |      25 |       0 |   0.0
        D:2 |      18 |       0 |   0.0 |       7 |       0 |   0.0
        D:3 |     214 |     567 |  72.6 |      23 |       4 |  14.8
        D:4 |     687 |      72 |   9.5 |      19 |       6 |  24.0
        D:5 |     274 |     202 |  42.4 |       8 |       1 |  11.1
        D:6 |     799 |      42 |   5.0 |      26 |       1 |   3.7
        D:7 |     730 |       0 |   0.0 |      13 |       0 |   0.0
        D:8 |    2214 |    1881 |  45.9 |      27 |       4 |  12.9
    Ossuary |       0 |      99 | 100.0 |       0 |      21 | 100.0
            +---------+---------+-------+---------+---------+-------
